 Dungeon Crawl Stone Soup version 0.17.1-3-g152610e (webtiles) character file.

16623 Heskey the Covert (level 12, -3/87 HPs)
             Began as an Octopode Berserker on Mar 25, 2016.
             Was a High Priest of Trog.
             Slain by an unseen horror (8 damage)
             ... on level 11 of the Dungeon.
             The game lasted 00:45:51 (15096 turns).

Heskey the Covert (Octopode Berserker)             Turns: 15096, Time: 00:45:51

Health: -3/87      AC:  1    Str: 17      XL:     12   Next: 39%
Magic:  15/15      EV: 18    Int:  9      God:    Trog [*****.]
Gold:   639        SH:  7    Dex: 15 (16) Spells: 0 memorised, 11 levels left

rFire  . . .     SeeInvis .     f - +5 dagger (speed)
rCold  . . .     Clarity  .     d - +1 buckler
rNeg   . . .     SustAt   .     (helmet restricted)
rPois  .         Gourm    .     t - amulet of resist corrosion
rElec  .         Spirit   .     (no ring)
rCorr  +         Warding  .     (no ring)
rMut   .         Stasis   .     w - ring of flight
MR     .....                    (no ring)
Stlth  +++++++...               (no ring)
                                (no ring)
                                (no ring)
                                (no ring)

@: not resistant to hostile enchantments, extremely stealthy
A: almost no armour, amphibious, 8 rings, constrict 8, camouflage 1, gelatinous
body 1
a: Berserk, Trog's Hand, Brothers in Arms, Burn Spellbooks, Renounce Religion,
Evoke Flight


You were on level 11 of the Dungeon.
You worshipped Trog.
Trog was extremely pleased with you.
You were not hungry.

You visited 2 branches of the dungeon, and saw 13 of its levels.

You collected 639 gold pieces.

Inventory:

Hand Weapons
 f - a +5 dagger of speed (weapon)
 i - a +1 antimagic demon trident
 j - a +0 rapier
 k - a +1 short sword of protection
Armour
 d - a +1 buckler (worn)
Jewellery
 h - an uncursed ring of fire
 m - an uncursed ring of ice
 p - an uncursed ring of protection from cold
 t - an amulet of resist corrosion (around mantle)
 w - a ring of flight (on tentacle)
Wands
 s - a wand of paralysis (1)
 u - a wand of flame (32)
 y - a wand of random effects (12)
Scrolls
 q - a scroll of remove curse
 r - 5 scrolls of identify
Potions
 g - a potion of brilliance
Miscellaneous
 a - a plain deck of destruction {drawn: 3}
Comestibles
 b - 8 bread rations
 c - 15 fruits
 l - 2 chunks of flesh
 o - 3 royal jellies
 v - 2 beef jerkies
 x - a slice of pizza


   Skills:
 + Level 10.0 Fighting
 + Level 10.1 Short Blades
 + Level 10.2 Dodging
 + Level 11.4 Stealth
 - Level 6.1 Shields
 - Level 4.3 Evocations


You had 11 spell levels left.
You didn't know any spells.

Dungeon Overview and Level Annotations

Branches:
Dungeon (12/15)            Temple (0/1) D:5            Lair (1/8) D:11
    Orc (0/4) D:12

Altars:
Fedhas
Gozag
Nemelex Xobeh
Okawaru
Yredelemnul
The Shining One

Shops:
D:4 }   D:9 :


Innate Abilities, Weirdness & Mutations

You cannot wear most types of armour.
You are amphibious.
You can wear up to eight rings at the same time.
You can use your tentacles to constrict eight enemies at once.
Your skin changes colour to match your surroundings (Stealth).
Your rubbery body absorbs attacks (AC +1).


Message History

Unknown command.
Unknown command.
Unknown command.
Okay, then.
Restoring view layers.
Something hits you.
* * * LOW HITPOINT WARNING * * *
Something hits you!
* * * LOW HITPOINT WARNING * * *
There is a staircase to the Lair, spattered with blood here.
Your deep troll goes berserk!
You feel somewhat more hungry. Something hits you!
* * * LOW HITPOINT WARNING * * *
Something hits you.
* * * LOW HITPOINT WARNING * * *
Your deep troll closely misses something.
Your deep troll claws something!!
Your deep troll closely misses something.
Something hits you!
You die...

..............#.....#..#
..............#.....#..#
............).#.....#..#
)....#######..#.....#..#
.....# #..#.....#..##
.....# #..##....#...#
####.# #...#..(.#...# #.#
#..##....#...## #.#
#..#.@†..'....#
#.#######..#..>÷.#....#
####..........#.....#....#
..............#T....#....#
..)...........#.....#....#
###...........#.....#....#
..#...........###'###....#
..#...............>......#
..#...########......######


You could see a friendly deep troll (berserk).

Vanquished Creatures
  Erolcha (D:11)
  Fannar (D:11)
  5 skeletal warriors
  3 hill giants
  A wolf spider zombie (D:12)
  2 cyclopes (D:11)
  A manticore (D:12)
  Joseph (D:7)
  A troll (D:10)
  The ghost of oolesyk the Grave Robber, an amateur DDNe (D:5)
  A deep elf mage (D:9)
  11 yaks
  A hippogriff (D:11)
  A mottled dragon (D:12)
  2 hungry ghosts
  3 sky beasts
  A wasp (D:12)
  5 ice beasts
  4 orc warriors
  A necrophage (D:12)
  4 phantoms
  A big kobold (D:8)
  8 centaurs
  6 ogres
  9 giant frogs
  A water moccasin zombie (D:9)
  A gnoll sergeant (D:12)
  4 scorpions
  A water moccasin skeleton (D:4)
  12 killer bees (D:11)
  3 spriggan skeletons (D:11)
  2 centaur zombies
  6 orc priests
  7 orc wizards
  A quasit (D:12)
  5 crimson imps
  2 giant frog skeletons
  3 giant frog zombies
  6 hounds
  8 iguanas
  3 centaur skeletons (D:11)
  4 jellies
  7 worker ants
  2 worker ant zombies
  13 gnolls
  11 adders
  A shadow imp (D:9)
  2 oozes
  An adder zombie (D:5)
  3 worms
  An adder skeleton (D:7)
  5 giant geckos
  51 orcs
  A ball python (D:1)
  11 bats
  10 goblins
  9 hobgoblins
  7 jackals
  3 quokkas
  A giant cockroach (D:2)
  A giant gecko skeleton (D:5)
  A giant gecko zombie (D:7)
  6 giant newts
  10 kobolds
  9 rats
310 creatures vanquished.

Notes
Turn   | Place    | Note
--------------------------------------------------------------
     0 | D:1      | Heskey the Octopode Berserker began the quest for the Orb.
     0 | D:1      | Reached XP level 1. HP: 16/16 MP: 1/1
   191 | D:1      | Reached XP level 2. HP: 21/21 MP: 2/2
   222 | D:1      | Reached skill level 1 in Stealth
   435 | D:1      | Reached XP level 3. HP: 17/26 MP: 3/3
   951 | D:2      | Reached XP level 4. HP: 17/31 MP: 4/4
   992 | D:2      | Reached ** piety under Trog
  1937 | D:3      | Found a basalt altar of Yredelemnul.
  1979 | D:3      | Reached XP level 5. HP: 28/36 MP: 5/5
  1984 | D:3      | Reached skill level 4 in Stealth
  2160 | D:4      | Found Vufeujo's Gadget Emporium.
  2208 | D:4      | Reached *** piety under Trog
  2656 | D:4      | Reached skill level 5 in Stealth
  2656 | D:4      | Reached XP level 6. HP: 27/43 MP: 6/6
  3007 | D:4      | Reached skill level 6 in Stealth
  3036 | D:4      | Found an iron altar of Okawaru.
  3041 | D:4      | Found a glowing golden altar of the Shining One.
  3113 | D:4      | Reached XP level 7. HP: 48/48 MP: 7/7
  3180 | D:5      | Entered Level 5 of the Dungeon
  3184 | D:5      | Found a staircase to the Ecumenical Temple.
  3239 | D:5      | Noticed oolesyk's ghost (amateur DDNe)
  3267 | D:5      | Killed oolesyk's ghost
  3267 | D:5      | Reached skill level 7 in Stealth
  3541 | D:5      | Reached skill level 5 in Dodging
  3562 | D:5      | Reached skill level 5 in Fighting
  3615 | D:5      | Reached XP level 8. HP: 27/55 MP: 8/8
  3785 | D:5      | Reached skill level 5 in Short Blades
  4142 | D:5      | Reached skill level 1 in Shields
  4883 | D:6      | Found a blossoming altar of Fedhas.
  4990 | D:6      | Reached **** piety under Trog
  5250 | D:7      | Found a sparkling altar of Nemelex Xobeh.
  5294 | D:7      | Noticed Joseph
  5319 | D:7      | Killed Joseph
  5319 | D:7      | Reached XP level 9. HP: 17/62 MP: 9/9
  7565 | D:9      | Reached skill level 5 in Shields
  7754 | D:9      | Reached XP level 10. HP: 58/71 MP: 10/10
  8146 | D:9      | Reached ***** piety under Trog
  8199 | D:9      | Found Guati's Book Shop.
  8622 | D:10     | Entered Level 10 of the Dungeon
  8640 | D:10     | Noticed a hill giant
  8662 | D:10     | Killed a hill giant
  8662 | D:10     | Reached skill level 8 in Fighting
  8870 | D:10     | Noticed a hill giant
  8883 | D:10     | Killed a hill giant
  9196 | D:10     | Reached skill level 1 in Evocations
  9515 | D:11     | Noticed a hill giant
  9522 | D:11     | Killed a hill giant
  9584 | D:11     | Found a staircase to the Lair.
  9628 | D:11     | Reached XP level 11. HP: 72/78 MP: 12/12
  9769 | D:11     | Noticed a cyclops
  9774 | D:11     | HP: 3/78 [cyclops (29)]
 10194 | D:11     | Noticed Fannar
 10210 | D:11     | Killed Fannar
 10263 | D:11     | Reached skill level 9 in Dodging
 10793 | D:11     | Noticed Erolcha
 10797 | D:11     | Killed Erolcha
 10878 | D:11     | Killed a cyclops
 10929 | D:11     | HP: 2/80 [centaur/arrow (14)]
 11629 | D:12     | Noticed a skeletal warrior
 11641 | D:12     | Noticed a skeletal warrior
 11641 | D:12     | Noticed a skeletal warrior
 11712 | D:12     | Found an opulent altar of Gozag.
 11898 | D:12     | Found a flagged portal.
 11945 | D:12     | Found a staircase to the Orcish Mines.
 12320 | D:11     | Received a gift from Trog
 12342 | D:12     | Reached skill level 10 in Stealth
 12419 | D:12     | Noticed a skeletal warrior
 12419 | D:12     | Noticed a skeletal warrior
 12452 | D:12     | Killed a skeletal warrior
 12588 | D:12     | Killed a skeletal warrior
 12663 | D:11     | Killed a skeletal warrior
 12663 | D:11     | Reached XP level 12. HP: 38/86 MP: 15/15
 12871 | D:12     | Killed a skeletal warrior
 13384 | D:12     | Reached skill level 10 in Dodging
 13404 | D:12     | Reached skill level 11 in Stealth
 13637 | D:12     | Killed a skeletal warrior
 13908 | D:12     | Reached skill level 10 in Short Blades
 14383 | D:12     | HP: 3/87 [something (10)]
 15023 | Lair:1   | Entered Level 1 of the Lair of Beasts
 15028 | Lair:1   | Reached skill level 10 in Fighting
 15095 | D:11     | HP: 4/87 [something (1)]
 15096 | D:11     | Slain by an unseen horror

Action                   |  1- 3 |  4- 6 |  7- 9 | 10-12 || total
-------------------------+-------+-------+-------+-------++-------
Melee: Short sword       |    14 |    36 |       |       ||    50
       Dagger            |    40 |   107 |   366 |   707 ||  1220
Throw: Throwing net      |       |       |     1 |     2 ||     3
Invok: Berserk           |       |       |     2 |       ||     2
       Brothers in Arms  |       |       |       |     1 ||     1
Evoke: Wand              |       |       |       |     9 ||     9
       Deck              |       |       |       |     3 ||     3
  Use: Scroll            |     3 |     5 |     6 |    14 ||    28
       Potion            |       |       |    13 |    10 ||    23
 Stab: Sleeping          |     8 |     5 |    19 |    28 ||    60
       Paralysed         |       |       |       |     2 ||     2
       Distracted        |       |       |       |     3 ||     3
       Fleeing           |       |       |       |     1 ||     1
  Eat: Chunk             |       |     6 |    10 |    12 ||    28
       Bread ration      |       |       |     1 |       ||     1
       Meat ration       |       |       |     1 |     1 ||     2
       Fruit             |       |       |       |     2 ||     2
       Beef jerky        |       |       |       |     2 ||     2
       Royal jelly       |       |       |       |     1 ||     1
